 Dungeon Crawl Stone Soup version 0.29.0-4-gdea44cf6ec (webtiles) character file.

Game seed: 15141347726652062823

503 ILmort the Cudgeller (level 6, -1/76 HPs)
             Began as a Demonspawn Fighter on Aug 27, 2022.
             Was an Initiate of Nemelex Xobeh.
             Slain by a phantom (5 damage)
             ... on level 4 of the Dungeon.
             The game lasted 00:09:24 (4442 turns).

ILmort the Cudgeller (Demonspawn Fighter)           Turns: 4442, Time: 00:09:24

Health: -1/76      AC: 23    Str: 18    XL:     6   Next: 96%
Magic:  15/15      EV:  2    Int:  9    God:    Nemelex Xobeh [......]
Gold:   156        SH:  4    Dex: 13    Spells: 5/5 levels left

rFire   . . .      SeeInvis .   a - +0 flail
rCold   . . .      Faith    .   c - +0 buckler
rNeg    . . .      Spirit   .   (body armour currently unavailable)
rPois   +          Reflect  .   (helmet currently unavailable)
rElec   .          Harm     .   (cloak currently unavailable)
rCorr   .          Rampage  .   (gloves currently unavailable)
Will    .....      NoTele   +   (boots currently unavailable)
Stlth   +.........              (no amulet)
HPRegen 0.22/turn               n - ring of magical power
MPRegen 0.14/turn               (no ring)

@: mighty, tree-form (expiring)
A: stationary, stasis, torment immunity, boosted hp, (hooves 1), demonic magic 1
a: Renounce Religion, Draw Escape, Draw Destruction, Draw Summoning


You were on level 4 of the Dungeon.
You worshipped Nemelex Xobeh.
Nemelex Xobeh was noncommittal.
You were a tree.
You visited 1 branch of the dungeon, and saw 4 of its levels.

You collected 156 gold pieces.

Inventory:

Hand Weapons
 a - a +0 flail (weapon)
Armour
 b - a +0 scale mail (melded)
 c - a +0 buckler (worn)
 f - a +0 ring mail
 g - a +0 ring mail
 u - a +0 scale mail
 x - a +0 helmet (melded)
 y - a +0 robe
 A - a +0 robe
 C - a +0 robe
 D - a +0 leather armour
Jewellery
 n - a ring of magical power (left branch)
 v - an amulet of faith
 w - an amulet of magic regeneration
Scrolls
 e - a scroll of magic mapping {unknown}
 h - a scroll of immolation {unknown}
 i - a scroll of fear {unknown}
 l - 2 scrolls of noise {unknown}
 m - 5 scrolls of identify {unknown}
 o - a scroll of brand weapon {unknown}
 r - 2 scrolls of teleportation {unknown}
 s - a scroll of torment {unknown}
 t - a scroll of poison {unknown}
 z - a scroll of acquirement {unknown}
 B - a scroll of vulnerability {unknown}
Potions
 j - a potion of curing {unknown}
 k - a potion of lignification
 p - a potion of degeneration {unknown}
 q - a potion of flight {unknown}


   Skills:
 + Level 5.1 Fighting
 * Level 5.7 Maces & Flails
 - Level 2.6 Armour
 - Level 2.6 Shields


You had 5 spell levels left.
You didn't know any spells.
Your spell library contained the following spells:

 Spells                   Type           Power      Damage    Failure   Level
 Gell's Gravitas          Tloc           0%         N/A       85%         3
 Portal Projectile        Hex/Tloc       0%         N/A       85%         3
 Teleport Other           Tloc           0%         N/A       85%         3
 Tukima's Dance           Hex            0%         N/A       85%         3
 Blade Hands              Tmut           0%         N/A       100%        5
 Dispersal                Tloc           0%         N/A       100%        6


Dungeon Overview and Level Annotations

Branches:
Dungeon (4/15)
 Temple: D:4-7

Altars:
Nemelex Xobeh


Innate Abilities, Weirdness & Mutations

You are a tree.
Your roots penetrate the ground, keeping you stationary.
You cannot be teleported.
You are immune to unholy pain and torment.
Your maximum health is greatly increased.
Your equipment is partially melded.
((You have large cloven feet.))
Spells you cast may paralyse adjacent enemies.


Message History

* * * LOW HITPOINT WARNING * * *
You thump the orc priest!
You kill the orc priest!
An orc comes into view. It is wielding a +0 short sword.
The orc shouts!
An orc comes into view. It is wielding a +1 war axe of flaming.
The orc shouts!
An orc comes into view. It is wielding a +0 hand axe.
The orc shouts!
An orc comes into view.
It is wielding a +2 hand axe of holy wrath.
It was a potion of lignification.
You turn into a tree.
Your +0 helmet melds into your body.
Your +0 scale mail melds into your body.
Your roots penetrate the ground.
You hit the orc. The orc completely misses you.
The orc hits you but does no damage.
You closely miss the orc. You bludgeon the orc!!
You kill the orc!
You sock the orc!
You kill the orc!
You barely miss the orc. The orc hits you with a +0 hand axe.
* * * LOW HITPOINT WARNING * * *
You thump the orc!
You kill the orc!
The orc hits you but does no damage.
You sock the orc!
You kill the orc!
You start resting.
A phantom is nearby!
A phantom is nearby!
You sock the phantom!
Your transformation is almost over.
The phantom hits you.
* * * LOW HITPOINT WARNING * * *
You closely miss the phantom.
The phantom hits you but does no damage.
You thump the phantom! The phantom hits you.
You die...
Your body disappears without a glow.

.'........# #........# #
#........# #####'##.
#........# .........
#####.##'# #.........#
#####.##.##.######.........
....................##....#
.........).....)))..##....##
.######..####..W♣##)<#......#
[...........#....##..##.....#
..≈≈≈._.≈≈≈......##..##.....#
..$.≈...≈.........+..<...(..#
..≈.≈≈.≈≈.≈.#....##..).(....#
<.≈.......≈.#...)##..##....##
..≈≈≈≈.≈≈≈≈..........#######
.......W..............#
.o≈≈≈≈.≈≈≈≈......##..##


You could see a phantom.

Vanquished Creatures
  Sigmund (D:4)
  A necrophage (D:3)
  A howler monkey (D:3)
  An orc priest (D:4)
  Natasha (twice) (D:3)
  2 orc wizards (D:3)
  3 adders
  A worm (D:2)
  7 orcs
  5 endoplasms
  4 giant cockroaches
  9 goblins
  15 hobgoblins
  4 kobolds
  2 quokkas (D:1)
  6 ball pythons
  6 bats
  7 frilled lizards
  8 rats
85 creatures vanquished.

Notes
Turn   | Place    | Note
-------+----------+-------------------------------------------
     0 | D:1      | ILmort the Demonspawn Fighter began the quest for the Orb.
     0 | D:1      | Reached XP level 1. HP: 18/18 MP: 1/1
   293 | D:1      | Gained mutation: Spells you cast may paralyse adjacent
                  | enemies. [demonic ancestry]
   293 | D:1      | Reached XP level 2. HP: 22/24 MP: 2/2
   939 | D:1      | Reached XP level 3. HP: 29/29 MP: 3/3
  2208 | D:3      | Noticed a necrophage
  2223 | D:3      | Reached XP level 4. HP: 37/37 MP: 4/4
  2240 | D:3      | Killed a necrophage
  2520 | D:3      | Reached XP level 5. HP: 40/42 MP: 5/5
  2780 | D:3      | Noticed Natasha
  2791 | D:3      | Killed Natasha
  2851 | D:3      | Noticed Natasha
  2863 | D:3      | Killed Natasha
  3559 | D:4      | Noticed Sigmund
  3593 | D:4      | Killed Sigmund
  3594 | D:4      | Reached skill level 5 in Maces & Flails
  3594 | D:4      | Gained mutation: You have large cloven feet. [demonic
                  | ancestry]
  3594 | D:4      | Reached XP level 6. HP: 9/50 MP: 6/6
  3869 | D:4      | Found a sparkling altar of Nemelex Xobeh.
  3881 | D:4      | Became a worshipper of Nemelex Xobeh the Trickster
  4134 | D:3      | Reached skill level 5 in Fighting
  4440 | D:4      | HP: 3/76 [phantom (3)]
  4442 | D:4      | Slain by a phantom

Illustrated notes

Levels and vault maps discovered:
D:1:      amcnicky_arrival_wind_blow, layout_loops_corners
D:2:      layout_basic
D:3:      cheibrodos_greedy_goblins, layout_basic, uniq_natasha
D:4:      layout_gridville, mainiacjoe_overflow_large_starburst,
          ebering_ghost_disaster_area, uniq_sigmund, uniq_blork_the_orc

Skill      XL: |  1  2  3  4  5  6 |
---------------+-------------------+-----
Maces & Flails | 2 3 4 5 |  5.7
Fighting       | 4 5 |  5.1
Armour         | |  2.6
Shields        | |  2.6

Action                   |  1- 3 |  4- 6 || total
-------------------------+-------+-------++-------
Melee: Flail             |   126 |   161 ||   287
       Kick              |       |     8 ||     8
  Use: Potion            |       |     2 ||     2
Armor: Scale mail        |    47 |    90 ||   137
       Skin              |       |     3 ||     3
Dodge: Dodged            |    45 |    76 ||   121
Block: Buckler           |    36 |    34 ||    70
